 Dungeon Crawl Stone Soup version 0.21-a0-207-g4a9efaf (webtiles) character file.

32 Kidiri the Magician (level 3, -1/19 HPs)
             Began as a Deep Elf Fire Elementalist on Aug 20, 2017.
             Slain by a gnoll
             ... wielding a +0 spear
              (6 damage)
             ... on level 1 of the Dungeon.
             The game lasted 00:03:39 (704 turns).

Kidiri the Magician (Deep Elf Fire Elementalist)     Turns: 704, Time: 00:03:40

Health: -1/19      AC:  4    Str:  5    XL:     3   Next: 8%
Magic:  9/10       EV: 13    Int: 20    God:
Gold:   41         SH:  0    Dex: 15    Spells: 1/10 levels left

rFire    . . .     SeeInvis .   i - +2 short sword (venom)
rCold    . . .     Gourm    .   (no shield)
rNeg     . . .     Faith    .   a - +0 robe
rPois    .         Spirit   .   (no helmet)
rElec    .         Reflect  .   (no cloak)
rCorr    .         Harm     .   (no gloves)
MR       .....                  (no boots)
Stlth    ++........             (no amulet)
HPRegen  0.06/turn              (no ring)
MPRegen  0.12/turn              (no ring)

@: no status effects
A: hooves 1, molten scales 1
a: no special abilities


You were on level 1 of the Dungeon.
You were not hungry.

You visited 1 branch of the dungeon, and saw 1 of its levels.

You collected 41 gold pieces.

Inventory:

Hand Weapons
 i - a +2 short sword of venom (weapon)
Armour
 a - a +0 robe (worn)
Jewellery
 j - a cursed -3 ring of evasion {unknown}
Scrolls
 e - 3 scrolls of recharging {unknown}
 h - a scroll of fear {unknown}
 k - a scroll of identify {unknown}
Potions
 d - a potion of mutation
Books
 b - a book of Flames

   Spells                             Type                      Level
   a - Flame Tongue                   Conjuration/Fire             1
   b - Throw Flame                    Conjuration/Fire             2
   c - Conjure Flame                  Conjuration/Fire             3
   d - Inner Flame                    Hexes/Fire                   3
   e - Sticky Flame                   Conjuration/Fire             4
   f - Fireball                       Conjuration/Fire             5
Comestibles
 c - a bread ration
 f - 5 chunks of flesh
 g - a meat ration


   Skills:
 - Level 2.4 Dodging
 - Level 2.4 Stealth
 * Level 4.1 Spellcasting
 + Level 1.7 Conjurations
 + Level 3.7 Fire Magic


You had one spell level left.
You knew the following spells:

 Your Spells              Type           Power        Failure   Level  Hunger
a - Flame Tongue          Conj/Fire      ###..        4%          1    None
b - Throw Flame           Conj/Fire      ###...       6%          2    #......
c - Conjure Flame         Conj/Fire      ###.....     12%         3    ###....
d - Inner Flame           Hex/Fire       ##......     17%         3    ###....


Dungeon Overview and Level Annotations

Branches:
Dungeon (1/15)

Altars:


Innate Abilities, Weirdness & Mutations

You have large cloven feet.
You are partially covered in molten scales. (AC +2)


Message History

The gnoll hits you with a spear!
You closely miss the gnoll.
The gnoll is moderately wounded.
The gnoll hits you with a spear!
* * * LOW HITPOINT WARNING * * *
You are too injured to fight recklessly!
Unknown command.
It was a potion of mutation.
You feel extremely strange.
Your feet thicken and deform.
Molten scales grow over part of your body.
The gnoll barely misses you.
Casting: Flame Tongue
Confirm with . or Enter, or press ? or * to list all spells.
Aiming: Flame Tongue
Press: ? - help, Shift-Dir - straight line, f - gnoll
Aim: a gnoll, wielding a spear (heavily wounded, poisoned)
The flame tongue hits the gnoll.
The gnoll appears unharmed.
The gnoll is heavily wounded.
The gnoll hits you with a spear.
You die...

.............># #.#
#...........### #.#
#######.##### #.# #
#.# #.#
#######.###### ####.#
...............#....#
#######.######.#.####
# #......... #.#
###.....#.## #@#
#..........# #g#
...........# #.#
..########.# #.#
..#.###### # #.#
..#......# #.#
..#....#.# #.#
#.#......# #.#
#.#...##.#


You could see a gnoll.

Vanquished Creatures
  2 dart slugs (D:1)
  A leopard gecko (D:1)
  A ball python (D:1)
  A bat (D:1)
  3 giant cockroaches (D:1)
  4 goblins (D:1)
  2 hobgoblins (D:1)
  3 jackals (D:1)
  A frilled lizard (D:1)
  A kobold (D:1)
  5 rats (D:1)
24 creatures vanquished.

Notes
Turn   | Place    | Note
-------+----------+-------------------------------------------
     0 | D:1      | Kidiri the Deep Elf Fire Elementalist began the quest for the Orb.
     0 | D:1      | Reached XP level 1. HP: 10/10 MP: 6/6
   235 | D:1      | Reached XP level 2. HP: 15/15 MP: 6/8
   245 | D:1      | Learned a level 2 spell: Throw Flame
   456 | D:1      | Reached skill level 4 in Spellcasting
   547 | D:1      | Reached XP level 3. HP: 18/19 MP: 10/10
   552 | D:1      | Learned a level 3 spell: Conjure Flame
   556 | D:1      | Learned a level 3 spell: Inner Flame
   703 | D:1      | Gained mutation: You have large cloven feet. [potion of mutation]
   703 | D:1      | Gained mutation: You are partially covered in molten scales. (AC +2) [potion of mutation]
   704 | D:1      | Slain by a gnoll

Vault maps used:
D:1:      denvon_arrival_planthouse, corner_web_ring

Skill      XL: |  1  2 |
---------------+-------+-----
Spellcasting   | 4 |  4.1
Dodging        | |  2.4
Stealth        | |  2.4
Conjurations   | |  1.7
Fire Magic     | |  3.7

Action                   || total
-------------------------++-------
Melee: Short sword       ||    25
 Cast: Flame Tongue      ||    18
  Use: Potion            ||     1
 Stab: Sleeping          ||     1
Armor: Robe              ||     3
Dodge: Dodged            ||    20
